 Dungeon Crawl Stone Soup version 0.17.0-24-gcfadda4 (console) character file.

11 Kloppie the Insei (level 2, -4/23 HPs)
             Began as a Demigod Transmuter on Nov 16, 2015.
             Slain by a hobgoblin
             ... wielding a +0 spear
              (5 damage)
             ... on level 1 of the Dungeon.
             The game lasted 00:01:10 (558 turns).

Kloppie the Insei (Demigod Transmuter)               Turns: 558, Time: 00:01:11

Health: -4/23      AC:  2    Str: 13    XL:     2   Next: 3%
Magic:  5/7        EV: 12    Int: 17    God:
Gold:   63         SH:  0    Dex: 16    Spells: 1 memorised, 3 levels left

rFire  . . .     SeeInvis .       - Unarmed
rCold  . . .     Clarity  .     b - +0 robe
rNeg   . . .     SustAt   +     (no shield)
rPois  .         Gourm    .     (no helmet)
rElec  .         Spirit   .     (no cloak)
rCorr  .         Warding  .     (no gloves)
rMut   .         Stasis   .     (boots currently unavailable)
MR     .....                    (no amulet)
Stlth  +.........               (no ring)
                                (no ring)

@: appendage (expiring), not resistant to hostile enchantments, very unstealthy
A: talons 3, high mp 1, sustain attributes
a: End Transformation


You were on level 1 of the Dungeon.
You were not hungry.
You had grown temporary talons.
You visited 1 branch of the dungeon, and saw 1 of its levels.

You collected 63 gold pieces.

Inventory:

Missiles
 a - 12 arrows
Armour
 b - a +0 robe (worn)
Scrolls
 e - a scroll of enchant weapon {unknown}
 h - a scroll of blinking {unknown}
 j - a scroll of identify {unknown}
Potions
 f - a potion of lignification {unknown}
 g - 2 potions of heal wounds {unknown}
 k - a potion of curing {unknown}
Books
 c - a book of Changes

   Spells                             Type                      Level
   a - Beastly Appendage              Transmutation                1
   b - Sticks to Snakes               Transmutation                2
   c - Spider Form                    Transmutation/Poison         3
   d - Ice Form                       Ice/Transmutation            4
   e - Blade Hands                    Transmutation                5
Comestibles
 d - 3 bread rations
 i - 2 chunks of flesh


   Skills:
 - Level 1.0 Fighting
 - Level 1.8 Dodging
 + Level 3.0 Unarmed Combat
 - Level 1.7 Spellcasting
 + Level 2.1 Transmutations


You had 3 spell levels left.
You knew the following spells:

 Your Spells              Type           Power        Failure   Level  Hunger
a - Beastly Appendage     Trmt           #.....       10%         1    #......


Dungeon Overview and Level Annotations

Branches:
Dungeon (1/15)


Innate Abilities, Weirdness & Mutations

You have an increased reservoir of magic (+10% MP).
Your attributes are resistant to harm.
You have claws for feet.


Message History

The hobgoblin misses you.
You hit the hobgoblin.
You kill the hobgoblin!
Your Unarmed Combat skill increases to level 3!
The hobgoblin misses you.
The hobgoblin hits you from afar with a spear.
You miss the goblin. Your kick misses the goblin.
Your transformation is almost over.
The goblin hits you with a dagger.
The hobgoblin hits you from afar with a spear.
* * * LOW HITPOINT WARNING * * *
You hit the goblin. Your kick misses the goblin.
The goblin is heavily wounded.
The goblin hits you with a dagger.
* * * LOW HITPOINT WARNING * * *
You closely miss the goblin. You claw the goblin.
You kill the goblin!
You have reached level 2!
The hobgoblin hits you from afar with a spear.
You die...

#.......#.###.###.........#
#..#
...#####.......[....#)....#
...
....................#.#.##..#
#.# ...##.##.####.####..#.#.#
#.# #.#
#.###.##.####.####..#.#.###.#
#.. #.# #.....
.................# #.. #.#
#......##...........#######..
#.#
#......##.g.).............(.#
..#
##.....##..#@.(.....#########
### ....#......)...#### #
####.##....###.# # #.##..###
#.# # #.##..# #.# #
#.##..#####.# # #.##........#
# #.##.#####..#
##########...........# #


You could see a hobgoblin.

Vanquished Creatures
  A giant cockroach (D:1)
  3 goblins (D:1)
  A hobgoblin (D:1)
  2 kobolds (D:1)
  A giant newt (D:1)
  A rat (D:1)
9 creatures vanquished.

Notes
Turn   | Place    | Note
--------------------------------------------------------------
     0 | D:1      | Kloppie the Demigod Transmuter began the quest for the Orb.
     0 | D:1      | Reached XP level 1. HP: 15/15 MP: 5/5
    58 | D:1      | Reached skill level 1 in Fighting
   553 | D:1      | Reached skill level 3 in Unarmed Combat
   558 | D:1      | Reached XP level 2. HP: 1/23 MP: 5/7
   558 | D:1      | Slain by a hobgoblin

Action                   || total
-------------------------++-------
Melee: Unarmed           ||    32
 Cast: Beastly Appendage ||     2
 Stab: Sleeping          ||     1
